 Dungeon Sprint DCSS version 0.27.0-1-g7a089689b8 (webtiles) character file.

Game seed: 17622861798098617488

38 mainiacjoe the Slasher (level 3, -1/37 HPs)
             Began as a Minotaur Monk on Aug 17, 2021.
             Slain by a phantom (5 damage)
             ... in the Dungeon (Sprint IX: "|||||||||||||||||||||||||||||").
             The game lasted 00:00:42 (153 turns).

mainiacjoe the Slasher (Minotaur Monk)               Turns: 153, Time: 00:00:43

Health: -1/37      AC:  2    Str: 16    XL:     3   Next: 25%
Magic:  2/2        EV: 12    Int:  7    God:
Gold:   0          SH:  0    Dex: 12    Spells: 2/2 levels left

rFire    . . .     SeeInvis .   a - +0 falchion
rCold    . . .     Faith    .   (no shield)
rNeg     . . .     Spirit   .   b - +0 robe
rPois    .         Reflect  .   (helmet restricted)
rElec    .         Harm     .   (no cloak)
rCorr    .         Rampage  .   (no gloves)
Will     .....     NoTele   +   (no boots)
Stlth    ++........             (no amulet)
HPRegen  0.12/turn              (no ring)
MPRegen  0.08/turn              (no ring)

@: no status effects
A: horns 2, retaliatory headbutt
a: no special abilities


You were in the Dungeon.
You visited 1 branch

Inventory:

Hand Weapons
 a - a +0 falchion (weapon)
Missiles
 i - 5 stones (quivered)
Armour
 b - a +0 robe (worn)
Scrolls
 h - a scroll of blinking
Potions
 c - a potion of curing
 e - a potion of haste
 f - 2 potions of magic
 g - a potion of berserk rage


   Skills:
 + Level 5.7 Fighting
 * Level 7.3 Long Blades
 - Level 3.2 Dodging
 - Level 1.5 Stealth


You had 2 spell levels left.
You didn't know any spells.
Your spell library was empty.

Dungeon Overview and Level Annotations

Branches:
Dungeon (1/1)

Altars:


Innate Abilities, Weirdness & Mutations

You have a pair of horns on your head.
You reflexively headbutt those who attack you in melee.


Message History

The phantom is heavily damaged.
The phantom hits you but does no damage.
You closely miss the phantom. Your headbutt misses the phantom.
The phantom is heavily damaged.
The phantom hits you.
* * * LOW HITPOINT WARNING * * *
You feel much better. The phantom hits you.
You hit the phantom but do no damage.
The phantom is heavily damaged.
The phantom closely misses you.
You riposte.
You barely miss the phantom.
The phantom is heavily damaged.
You closely miss the phantom.
You headbutt the phantom, but do no damage.
The phantom is heavily damaged.
You closely miss the phantom.
The phantom is heavily damaged.
The phantom hits you.
You barely miss the phantom.
The phantom is heavily damaged.
The phantom hits you!
You miss the phantom.
The phantom is heavily damaged.
The phantom hits you.
* * * LOW HITPOINT WARNING * * *
You hit the phantom but do no damage.
The phantom is heavily damaged.
The phantom hits you.
* * * LOW HITPOINT WARNING * * *
You closely miss the phantom.
The phantom is heavily damaged.
The phantom hits you.
* * * LOW HITPOINT WARNING * * *
You hit the phantom but do no damage.
The phantom is heavily damaged.
The phantom closely misses you. You furiously retaliate!
You headbutt the phantom, but do no damage.
You hit the phantom but do no damage.
The phantom is heavily damaged.
The phantom hits you.
You die...

▓+▓
▓.▓
▓.▓
▓Z▓
▓l▓
▓W▓
▓@▓
▓.▓
▓.▓
▓.▓
▓)▓
▓)▓
▓†▓
▓.▓
▓.▓


You could see a phantom, an iguana and a ball python zombie.

Vanquished Creatures
  A hound (D)
  A worm (D)
  2 ball pythons (D)
  2 kobolds (D)
  A rat (D)
7 creatures vanquished.

Notes
Turn   | Place    | Note
-------+----------+-------------------------------------------
     0 | D        | mainiacjoe the Minotaur Monk began the quest for the Orb.
     0 | D        | Reached XP level 1. HP: 19/19 MP: 0/0
     7 | D        | Reached skill level 4 in Long Blades
   123 | D        | Noticed an iguana
   123 | D        | Noticed a phantom
   123 | D        | Noticed a hound
   129 | D        | Reached skill level 5 in Long Blades
   129 | D        | Reached XP level 2. HP: 20/28 MP: 1/1
   138 | D        | Reached skill level 5 in Fighting
   138 | D        | Reached skill level 7 in Long Blades
   138 | D        | Reached XP level 3. HP: 15/37 MP: 2/2
   153 | D        | Slain by a phantom

Illustrated notes

Levels and vault maps discovered:
D:        linesprint [early_d, line_temple, items_1, d_10, items_2, lair_1,
          lair_end, items_3, orc_1, orc_end, items_4, d_15, swamp_1, shoals_1,
          snake_1, spider_1, d_20, vaults_1, items_5, swamp_end, shoals_end,
          snake_end, spider_end, vaults_end, d_27, items_6, zot_1, zot_end,
          crypt_end, forest_end, elf_end, slime_end, tomb_end, abyss_end,
          pan_hell_end]

Skill      XL: |  1  2 |
---------------+-------+-----
Long Blades    | 5 7 |  7.3
Fighting       | 4 5 |  5.7
Dodging        | |  3.2
Stealth        | |  1.5

Action                   || total
-------------------------++-------
Melee: Falchion          ||    40
       Headbutt          ||     6
  Use: Potion            ||     1
Armor: Robe              ||     4
Dodge: Dodged            ||    27
       Rpst.: Falchion   ||     9
